[Event "*** Titled Tuesday Blitz"]
[Site "Chess.com"]
[Date "2020.04.14"]
[Round "8"]
[White "124chess"]
[Black "IMTominho"]
[Result "1/2-1/2"]
[WhiteElo "2640"]
[BlackElo "2832"]
[TimeControl "180+1"]
[EndTime "11:32:36 PDT"]
[Termination "Game drawn by agreement"]

1. e4 e5 2. Nf3 Nf6 3. d3 Nc6 4. Be2 d5 5. Nbd2 Bc5 6. c3 a5 7. O-O O-O 8. Re1 a4 9. Qc2 Re8 10. h3 b6 11. Rb1 Bb7 12. b4 axb3 13. axb3 Nh5 14. b4 Bf8 15. exd5 Qxd5 16. Ne4 Ra2 17. Rb2 Rxb2 18. Bxb2 h6 19. Bf1 Nf4 20. Bc1 Ng6 21. Ng3 Rd8 22. Bd2 Qd7 23. b5 Na7 24. Nxe5 Nxe5 25.
Rxe5 Nxb5 26. d4 Nd6 27. Nh5 Ne8 28. Bb5 Bc6 29. Bxc6 Qxc6 30. Qd3 Nf6 31. Nxf6+ Qxf6 32. Re1 c6 33. Qe4 b5 34. Bf4 b4 35. Be5 Qe6 36.
cxb4 Bxb4 37. Rf1 f6 38. Qg6 Qf7 39. Qb1 Bf8 40. Bg3 Rxd4 41. Rc1 c5 42. Qb8 Kh7 43. Re1 c4 44. Re8 Bc5 45. Rh8+ Kg6 46. h4 h5 47. Qa8 c3 48. Qf3 Qd5 49. Qxc3 Qf5 50. Qc1 Bd6 51. Qc8 Qe4 52. Qe8+ Qxe8 53. Rxe8 Rd1+ 54.
Kh2 Bc5 55. Re2 Rd4 56. f3 Bb4 57. Kh3 Rc4 58. Bf2 Bd6 59. g4 hxg4+ 60. fxg4 Rc3+ 61.
Re3 Rc2 62. Rf3 Kf7 63. Bg3 Bc5 64. g5 Bd4 65. gxf6 gxf6 66. Kg4 Ba1 67. h5 Rc4+ 68. Rf4 Rc5 69. Rf5 Rc4+ 70. Rf4 Rc5 71. Rf5 Rc2 72. Rf2 Rc1 73. Rh2 Rc4+ 74. Kf3 Kg7 75. h6+ Kh7 76. Rh3 Rc3+ 77. Kg4 Rc5 78. Bf4 Bc3 79. Rd3 Kg6 80. Rd7 f5+ 81. Kf3 Bf6 82.
Rd6 Rc3+ 83. Kf2 Rc2+ 84. Kf3 Rc3+ 85. Ke2 Rc2+ 86. Kd3 Rc3+ 87. Kd2 Rc5 88. Ke3 Rc3+ 89. Kd2 Rc5 90. Be3 Rc4 91. Kd3 Re4 92. Bd2 Kf7 93. h7 Rh4 94. Rxf6+ Kxf6 95. h8=Q+ Rxh8 96. Bc3+ Kg5 97. Bxh8 Kg4 98. Ke2 Kg3 99. Kf1 Kf3 100. Bd4 Ke4 101. Bf2 Kd3 102. Bg1 Ke4 103. Bf2 Kf3 104. Bg1 Kg4 105. Bf2 Kh3 106. Bg1 1/2-1/2

[Event "*** Titled Tuesday Blitz"]
[Site "Chess.com"]
[Date "2020.04.14"]
[Round "8"]
[White "Fins0905"]
[Black "awesomevishesh"]
[Result "0-1"]
[WhiteElo "2709"]
[BlackElo "2567"]
[TimeControl "180+1"]
[EndTime "11:33:09 PDT"]
[Termination "awesomevishesh won on time"]

1. e4 c5 2. Nf3 d6 3. d4 cxd4 4. Nxd4 Nf6 5. Nc3 a6 6. Bg5 e6 7. f4 h6 8. Bh4 Qb6 9. Bxf6 gxf6 10. Qd2 Nc6 11. Nb3 Bd7 12. O-O-O Qc7 13. Be2 h5 14. Kb1 O-O-O 15. Rhf1 Kb8 16. f5 Be7 17. Qe1 Ne5 18. Rf4 Rdg8 19. g3 Ng4 20. Qg1 Rg5 21. a3 Ne5 22. Qf2 Qc8 23. Rh4 Qc7 24. Nd4 Nc4 25.
Nf3 Rg4 26. Qd4 Rxh4 27. Nxh4 Ne5 28. Qf2 Qc6 29. Nf3 Nxf3 30. Bxf3 Qc7 31. h4 Bc6 32. Ne2 Ba4 33. Nf4 Rc8 34. b3 Bd7 35. Bxh5 exf5 36.
Nd5 Qd8 37. exf5 Bf8 38. Bxf7 Bc6 39. Be6 Bd7 40. Bxd7 Qxd7 41. Nxf6 Qf7 42. Nd5 Bh6 43. f6 Bf8 44. g4 Rc5 45. Qf3 Qe6 46. g5 Qe5 47. g6 Bh6 48. g7 Bxg7 49. fxg7 Qxg7 50. h5 Qh6 51. Qe4 Rc8 52. Qg6 Qf8 53. h6 Qf2 54.
Ne3 Qxe3 55. Qxd6+ Ka7 56. h7 Qe2 57. Qd4+ Ka8 58.
Rd2 Qe1+ 59. Kb2 Qh1 60. Qd7 Rb8 61. Qg7 Qh4 62. Rg2 Qh5 63. Qg8 Qh6 64. Kb1 Qh1+ 65. Kb2 Ka7 66. Qg7 Rc8 67. Qg3 Rd8 68. Qe3+ Ka8 69.
Qf2 Rb8 70. Qf6 Qh6 71. h8=Q Qxh8 72. Qxh8 Rxh8 73. Rg7 Kb8 74. a4 Rh3 75. a5 Rf3 76. b4 Rh3 77. c3 Rf3 78. Kb3 Rf4 79. c4 Rf3+ 80. Kc2 Rh3 81. Rd7 Kc8 82. Rd3 Rh2+ 83. Kc3 Rh4 84. Re3 Rg4 85. Re7 Kb8 86. Rf7 Rh4 87.
Rd7 Rg4 88. c5 Kc8 89. Rd4 Rg3+ 90. Kc4 Rg1 91. Rf4 Rg3 92. Kd5 Rg5+ 93. Kd6 Rg6+ 94.
Ke5 Rg5+ 95. Kd4 Rg3 96. Kc4 Kc7 97. Rf7+ Kc8 98. c6 bxc6 99. Kc5 Rg4 100. Rf6 Rg5+ 101. Kb6 Rg4 102. Kxc6 Rc4+ 103. Kb6 Rxb4+ 104. Kxa6 Kc7 105. Rb6 Rc4 106. Rb5 Rh4 107. Ka7 Rh8 108. a6 Kc6 109. Rb8 Rh7+ 110. Rb7 Rh8 111. Rb6+ Kc7 112. Rb1 Rg8 113. Rc1+ Kd7 114. Kb7 Rg2 115. Rd1+ Ke7 116. Rb1 Rg1 0-1

[Event "*** Titled Tuesday Blitz"]
[Site "Chess.com"]
[Date "2020.04.14"]
[Round "8"]
[White "TheBigBoss04"]
[Black "mbojan"]
[Result "1/2-1/2"]
[WhiteElo "2764"]
[BlackElo "2611"]
[TimeControl "180+1"]
[EndTime "11:35:18 PDT"]
[Termination "Game drawn by 50-move rule"]

1. Nf3 Nf6 2. d4 g6 3. Bg5 Bg7 4. Nbd2 O-O 5. c3 c5 6. dxc5 Na6 7. Nb3 Ne4 8. Be3 Qc7 9. Qd5 Nxc3 10. bxc3 Bxc3+ 11. Bd2 Bxa1 12. Nxa1 Qxc5 13. Qxc5 Nxc5 14. e3 d6 15. Bc4 Be6 16. Bxe6 Nxe6 17. Ke2 Rfc8 18. Rb1 b6 19. a4 Rab8 20. Nb3 Kf8 21. Nbd4 Nxd4+ 22. Nxd4 Ke8 23. Kd3 Kd7 24. h4 h5 25.
Nb5 a6 26. Nd4 Rc5 27. Bb4 Rc7 28. Bc3 Rc5 29. e4 b5 30. axb5 axb5 31. Nb3 Rc7 32. Ra1 Rbc8 33. Bd4 b4 34. Rb1 e5 35. Ba1 Ke6 36. Nd2 Ra8 37. Nc4 Ra2 38. Bb2 f5 39. f3 fxe4+ 40. fxe4 b3 41. Bc3 Rxg2 42. Rxb3 Rg3+ 43.
Ne3 Rh3 44. Be1 Rf7 45. Rb6 Rff3 46. Bd2 Rxh4 47. Bb4 Rhh3 48. Rxd6+ Kf7 49. Bd2 Kg7 50. Ke2 Rf7 51. Bc3 Rh2+ 52. Kd3 Re7 53. Nd5 Rh3+ 54. Ke2 Re8 55. Rd7+ Kh6 56. Bd2+ g5 57. Rd6+ Kg7 58.
Bxg5 Ra8 59. Bf6+ Kf7 60. Rd7+ Ke6 61. Re7+ Kd6 62. Bxe5+ Kc6 63. Rc7+ Kb5 64. Rb7+ Kc6 65. Rb6+ Kd7 66. Rd6+ Kc8 67. Nb6+ Kb7 68. Nxa8 Kxa8 69. Rh6 Kb7 70. Bf4 Kc8 71. Rh7 Kd8 72. Bg5+ Ke8 73. e5 Rg3 74. Bf6 Rg6 75. Rxh5 Kf7 76. Kf3 Ke6 77.
Kf4 Rg1 78. Rh7 Rf1+ 79. Ke4 Re1+ 80. Kf3 Rf1+ 81. Ke2 Ra1 82. Re7+ Kf5 83. Re8 Ra2+ 84. Kd3 Ra3+ 85. Kd4 Ra4+ 86. Kd5 Ra5+ 87. Kd6 Ra6+ 88.
Ke7 Ra7+ 89. Kf8 Kg6 90. Rd8 Rf7+ 91. Ke8 Ra7 92. Be7 Kf5 93. Bd6 Ke6 94. Rc8 Rh7 95. Rc5 Rh8+ 96. Bf8 Rh5 97. Ra5 Rxe5 98. Ra6+ Kf5+ 99. Kf7 Re2 100. Be7 Ke4 101. Ra5 Kd3 102. Bf6 Kc2 103. Kg6 Kd2 104. Kf5 Ke3 105. Be5 Kd2 106. Ra2+ Ke3 107. Ra3+ Kf2 108. Bg3+ Kg2 109. Kg4 Rc2 110. Bf4 Re2 111. Rg3+ Kf2 112. Rh3 Kg2 113. Rh2+ Kf1 114. Rh1+ Kg2 115. Ra1 Rf2 116. Ra3 Re2 117. Bg3 Kf1 118. Kf3 Rf2+ 119. Kg4 Re2 120. Ra8 Kg2 121. Bf4 Rf2 122. Rh8 Re2 123. Kf5 Kf3 124. Rh3+ Kg2 125. Ra3 Kf2 126. Bg3+ Kg2 127. Kf4 Kf1 128. Kg4 Kg2 129. Ra4 Rd2 130. Bf4 Re2 131. Ra3 Rf2 132. Bg3 Re2 133. Ra4 Rd2 134. Bf4 Re2 135. Ra3 Rf2 136. Rg3+ Kf1 137. Kf5 Rg2 138. Rf3+ Ke2 139. Ke4 Rf2 140. Ra3 Rg2 141. Ra2+ Kf1 142. Ra1+ Ke2 143. Bh2 Rg4+ 144. Bf4 Rg2 145. Ra3 Rf2 146. Be3 Rg2 147. Ra1 Rg4+ 1/2-1/2

[Event "*** Titled Tuesday Blitz"]
[Site "Chess.com"]
[Date "2020.04.14"]
[Round "9"]
[White "TudorAnton"]
[Black "Kiborg95"]
[Result "1-0"]
[WhiteElo "2605"]
[BlackElo "2758"]
[TimeControl "180+1"]
[EndTime "11:37:39 PDT"]
[Termination "TudorAnton won by resignation"]

1. d4 d6 2. e4 g6 3. Nc3 Bg7 4. f4 a6 5. Nf3 Nd7 6. Be3 b5 7. Bd3 Bb7 8. O-O c5 9. dxc5 Nxc5 10. Qe2 Rc8 11. Rad1 Nf6 12. e5 Nfd7 13. exd6 exd6 14.
Bxc5+ 1-0

[Event "*** Titled Tuesday Blitz"]
[Site "Chess.com"]
[Date "2020.04.14"]
[Round "9"]
[White "1g41-0"]
[Black "Hippotaner"]
[Result "1-0"]
[WhiteElo "2497"]
[BlackElo "2282"]
[TimeControl "180+1"]
[EndTime "11:37:44 PDT"]
[Termination "1g41-0 won by checkmate"]

1. e4 c5 2. Nf3 Nc6 3. d4 cxd4 4. c3 Nf6 5. e5 Nd5 6. Bc4 Nb6 7. Bb3 e6 8. cxd4 d6 9. Qe2 dxe5 10. dxe5 Bb4+ 11. Bd2 Bxd2+ 12. Nbxd2 Kf8 13. O-O Nd4 14. Nxd4 Qxd4 15. Rfd1 Qxb2 16. Rab1 Qa3 17. Nc4 Nxc4 18. Rd8+ Ke7 19. Rxh8 Nb6 20. Qd2 Bd7 21. Qg5+ f6 22. Qxg7# 1-0

[Event "*** Titled Tuesday Blitz"]
[Site "Chess.com"]
[Date "2020.04.14"]
[Round "9"]
[White "NiranjanNavalgund"]
[Black "ItalianMachine"]
[Result "1/2-1/2"]
[WhiteElo "2428"]
[BlackElo "2302"]
[TimeControl "180+1"]
[EndTime "11:37:55 PDT"]
[Termination "Game drawn by agreement"]

1. d4 Nf6 2. Nf3 g6 3. g3 Bg7 4.
Bg2 O-O 5. O-O d6 6. a4 Nc6 7. Nc3 e5 8. dxe5 dxe5 9. Qxd8 Rxd8 10. Bg5 h6 11. Bxf6 Bxf6 12. Rfd1 1/2-1/2

[Event "*** Titled Tuesday Blitz"]
[Site "Chess.com"]
[Date "2020.04.14"]
[Round "9"]
[White "anesar92"]
[Black "11kevin"]
[Result "1-0"]
[WhiteElo "2692"]
[BlackElo "2560"]
[TimeControl "180+1"]
[EndTime "11:38:20 PDT"]
[Termination "anesar92 won by resignation"]

1. e4 e5 2. Nc3 Nc6 3. Bc4 Bc5 4. Qg4 g6 5. Qf3 Qf6 6. Nd5 Qxf3 7. Nxf3 Bd6 8. d3 Nce7 9. Bg5 Nxd5 10. Bxd5 c6 11.
Bb3 h6 12. Be3 Nf6 13. O-O-O Ng4 14. d4 Nxe3 15. fxe3 exd4 16. e5 Be7 17. exd4 d5 18. exd6 Bxd6 19. Rde1+ Kf8 20. Rhf1 Kg7 21. Ne5 Bxe5 22.
Rxf7+ 1-0

[Event "*** Titled Tuesday Blitz"]
[Site "Chess.com"]
[Date "2020.04.14"]
[Round "9"]
[White "kingnb"]
[Black "GracefulYear"]
[Result "1-0"]
[WhiteElo "2439"]
[BlackElo "2659"]
[TimeControl "180+1"]
[EndTime "11:38:21 PDT"]
[Termination "kingnb won by resignation"]

1. e4 c6 2. d4 d5 3. e5 Bf5 4. h4 h6 5. g4 Bh7 6. Bd3 Bxd3 7. Qxd3 e6 8. f4 c5 9. c3 Nc6 10. Nf3 cxd4 11. Nxd4 Nxd4 12. cxd4 Rc8 13. Nc3 Ne7 14. Be3 Nc6 15. Ke2 a6 16. Rac1 b5 17. a3 Be7 18. h5 Na5 19. Nxb5 Nc4 20. Nc3 Qb6 21. Na4 Qb5 22. b3 Nb6 23. Qxb5+ axb5 24.
Nxb6 1-0

[Event "*** Titled Tuesday Blitz"]
[Site "Chess.com"]
[Date "2020.04.14"]
[Round "9"]
[White "grunbergmihai"]
[Black "Luibov_AN"]
[Result "0-1"]
[WhiteElo "2311"]
[BlackElo "2183"]
[TimeControl "180+1"]
[EndTime "11:38:30 PDT"]
[Termination "Luibov_AN won by resignation"]

1. Nf3 g6 2. d4 Bg7 3. c4 c5 4.
d5 e5 5. Nc3 d6 6. e4 Nf6 7. Bd3 O-O 8. O-O Na6 9. a3 Nc7 10.
Rb1 b6 11. b4 Nh5 12. Re1 Nf4 13. Bf1 f5 14. g3 Nh5 15. Bg2 Ne8 16. exf5 Bxf5 17.
Ne4 Nef6 18. Bg5 Qd7 19. Rb3 Bxe4 20. Nxe5 dxe5 21. Bxe4 Nxe4 22. Rxe4 Qf5 23. Qg4 Qxf2+ 0-1

[Event "*** Titled Tuesday Blitz"]
[Site "Chess.com"]
[Date "2020.04.14"]
[Round "9"]
[White "RATNAKARAN"]
[Black "cassoulet"]
[Result "1-0"]
[WhiteElo "2588"]
[BlackElo "2706"]
[TimeControl "180+1"]
[EndTime "11:38:38 PDT"]
[Termination "RATNAKARAN won by resignation"]

1. e4 c5 2. Nf3 Nc6 3. Bb5 g6 4. O-O Bg7 5. Re1 Nf6 6. e5 Nd5 7. Nc3 Nc7 8. Bxc6 dxc6 9. Ne4 Ne6 10. d3 h6 11. Be3 b6 12. Qd2 g5 13. h3 Qd5 14. c4 Qd7 15. a4 a5 16. Ra3 Ra6 17. d4 cxd4 18. Nxd4 Nxd4 19. Bxd4 c5 20. Nf6+ exf6 21.
exf6+ Kd8 22. fxg7 Rg8 23. Bf6+ Kc7 24. Re7 Qxe7 25.
Bxe7 Rxg7 26. Qd6+ Kb7 27. Qd5+ Ka7 28. Bf6 Be6 29. Qd8 1-0

[Event "*** Titled Tuesday Blitz"]
[Site "Chess.com"]
[Date "2020.04.14"]
[Round "9"]
[White "827883"]
[Black "Blitzking642"]
[Result "1-0"]
[WhiteElo "2114"]
[BlackElo "2376"]
[TimeControl "180+1"]
[EndTime "11:38:41 PDT"]
[Termination "827883 won by resignation"]

1. e4 c5 2. Nf3 Nc6 3. d4 cxd4 4. Nxd4 g6 5. Nc3 Bg7 6. Be3 Nf6 7. Bc4 O-O 8. Bb3 Re8 9. f3 e6 10. Qd2 d5 11. O-O-O Na5 12. Kb1 Nxb3 13. axb3 dxe4 14. Nxe4 Nxe4 15. fxe4 Qh4 16. Nb5 b6 17. Nc7 Bb7 18.
Nxe8 1-0

[Event "*** Titled Tuesday Blitz"]
[Site "Chess.com"]
[Date "2020.04.14"]
[Round "9"]
[White "TomasKapitanchuk"]
[Black "pedroholly22"]
[Result "0-1"]
[WhiteElo "2468"]
[BlackElo "2350"]
[TimeControl "180+1"]
[EndTime "11:38:51 PDT"]
[Termination "pedroholly22 won by resignation"]

1. e4 g6 2. d4 Bg7 3. Nf3 d6 4. Nc3 Nf6 5. h3 O-O 6. Be2 c5 7. d5 e6 8. O-O exd5 9. exd5 a6 10. a4 Re8 11. Bd3 Nbd7 12. Bf4 Ne5 13. Be2 Nxf3+ 14.
Bxf3 Bf5 15. g4 Be4 16. Nxe4 Nxe4 17. Re1 Nf6 18. Rxe8+ Nxe8 19. c3 Qf6 20. Bg3 Nc7 21. a5 Re8 22. Qd2 Qxf3 23. Bxd6 Nxd5 0-1

[Event "*** Titled Tuesday Blitz"]
[Site "Chess.com"]
[Date "2020.04.14"]
[Round "9"]
[White "LastHeroJr"]
[Black "praveenb2002"]
[Result "1-0"]
[WhiteElo "2568"]
[BlackElo "2676"]
[TimeControl "180+1"]
[EndTime "11:38:54 PDT"]
[Termination "LastHeroJr won by resignation"]

1. e4 c5 2. Nf3 Nc6 3. d4 cxd4 4. Nxd4 Nf6 5. Nc3 d6 6. Bg5 e6 7. Qd2 a6 8. O-O-O Bd7 9. f3 Be7 10. h4 b5 11. Nxc6 Bxc6 12. Kb1 b4 13. Ne2 a5 14. Nd4 Bd7 15. Nb5 Bxb5 16. Bxb5+ Kf8 17. Bf4 e5 18. Be3 Qc7 19. g4 Nd7 20. Qd5 Rd8 21.
Bc4 1-0

[Event "*** Titled Tuesday Blitz"]
[Site "Chess.com"]
[Date "2020.04.14"]
[Round "9"]
[White "CastleOasisChess"]
[Black "aakankshachess"]
[Result "0-1"]
[WhiteElo "2110"]
[BlackElo "2452"]
[TimeControl "180+1"]
[EndTime "11:38:54 PDT"]
[Termination "aakankshachess won by resignation"]

1. d4 Nf6 2. e3 g6 3. Bd3 Bg7 4. Nd2 O-O 5. c3 b6 6. f4 Bb7 7. Ngf3 c5 8. O-O d5 9. Ne5 Nbd7 10. Qf3 Qc7 11. g4 Rad8 12. h4 h5 13. g5 Ne8 14.
Nxd7 Qxd7 15. f5 Nd6 16. fxg6 fxg6 17. Qg2 Rxf1+ 18. Nxf1 Ne4 19. Nd2 Qf5 20. Nf3 Rf8 21. Bd2 Qxf3 22. Qxf3 Rxf3 23. Bxe4 dxe4 24. Kg2 cxd4 25.
cxd4 e5 26. Rc1 exd4 27. exd4 e3 28. Be1 e2 29. Rc7 Rf7+ 0-1

[Event "*** Titled Tuesday Blitz"]
[Site "Chess.com"]
[Date "2020.04.14"]
[Round "9"]
[White "arjwezhrtdrz"]
[Black "AquivaRubinstein"]
[Result "1-0"]
[WhiteElo "2221"]
[BlackElo "2358"]
[TimeControl "180+1"]
[EndTime "11:38:55 PDT"]
[Termination "arjwezhrtdrz won by resignation"]

1. e4 e5 2. Nf3 Nc6 3. Nc3 Nf6 4.
Bb5 Nd4 5. Nxd4 exd4 6. e5 dxc3 7.
exf6 Qxf6 8. dxc3 Bc5 9. O-O O-O 10. Bd3 d5 11. Qh5 g6 12. Qxd5 Bb6 13. Qg5 Qg7 14.
Be3 Be6 15. a3 Rfe8 16. Rfe1 Rad8 17. Qh4 c6 18. Rad1 Bxe3 19. Rxe3 Bd5 20. Rde1 Rxe3 21. Qxd8+ 1-0

[Event "*** Titled Tuesday Blitz"]
[Site "Chess.com"]
[Date "2020.04.14"]
[Round "9"]
[White "Kaua18"]
[Black "Taran2004"]
[Result "1-0"]
[WhiteElo "2262"]
[BlackElo "2014"]
[TimeControl "180+1"]
[EndTime "11:38:59 PDT"]
[Termination "Kaua18 won by resignation"]

1. e4 c5 2. Nf3 d6 3. d4 cxd4 4. Nxd4 Nf6 5. Nc3 g6 6. Be3 Bg7 7. f3 O-O 8. Qd2 d5 9. e5 Nfd7 10. f4 e6 11. h4 a6 12. h5 Nc6 13. g4 Nxd4 14. Bxd4 Qe7 15. Qh2 Bh8 16. Bd3 g5 17. f5 exf5 18. O-O-O f4 19. Nxd5 Qd8 20.
Bc3 h6 21. Qg2 Nxe5 22. Bxe5 Bxe5 23. Qe4 f5 24. Qxe5 1-0

[Event "*** Titled Tuesday Blitz"]
[Site "Chess.com"]
[Date "2020.04.14"]
[Round "9"]
[White "MoreChessJulia"]
[Black "frankshar"]
[Result "0-1"]
[WhiteElo "1754"]
[BlackElo "2252"]
[TimeControl "180+1"]
[EndTime "11:39:01 PDT"]
[Termination "frankshar won by resignation"]

1. d4 Nf6 2. c4 e6 3. Nf3 d5 4. e3 c5 5. a3 Nc6 6. dxc5 Bxc5 7. b4 Bb6 8. c5 Bc7 9. Bb2 O-O 10. Nbd2 Qe7 11. Bd3 e5 12. e4 dxe4 13. Nxe4 Rd8 14. Qe2 Bg4 15. h3 Bh5 16. g4 Bg6 17. O-O-O Rxd3 18. Qxd3 Bxe4 19. Qc3 Nd4 20. Nxd4 exd4 21. Qxd4 Bf4+ 0-1

[Event "*** Titled Tuesday Blitz"]
[Site "Chess.com"]
[Date "2020.04.14"]
[Round "9"]
[White "SaguriGuerra"]
[Black "Darhild"]
[Result "0-1"]
[WhiteElo "2520"]
[BlackElo "2697"]
[TimeControl "180+1"]
[EndTime "11:39:11 PDT"]
[Termination "Darhild won by resignation"]

1. Nf3 c5 2. e4 d6 3. d4 cxd4 4. Nxd4 Nf6 5. Nc3 a6 6. Bg5 e6 7. f4 h6 8. Bh4 Qb6 9. a3 Nbd7 10. Qd2 Qxb2 11. Rb1 Qxa3 12. Bf2 Nc5 13. e5 dxe5 14. fxe5 Nfe4 15. Nxe4 Nxe4 16. Qd3 Bb4+ 17. Ke2 Qxd3+ 0-1

[Event "*** Titled Tuesday Blitz"]
[Site "Chess.com"]
[Date "2020.04.14"]
[Round "9"]
[White "Harut-1998"]
[Black "vugarrasulov"]
[Result "1-0"]
[WhiteElo "2598"]
[BlackElo "2731"]
[TimeControl "180+1"]
[EndTime "11:39:15 PDT"]
[Termination "Harut-1998 won by resignation"]

1. d4 d6 2. Nf3 Nf6 3. c4 Nc6 4.
Nc3 e5 5. e4 exd4 6. Nxd4 g6 7.
Be2 Bg7 8. Be3 O-O 9. f3 Re8 10. O-O Nh5 11. Qd2 Nf4 12. Bxf4 Nxd4 13. Bg5 Nxe2+ 14.
Nxe2 Qd7 15. Nc3 Qc6 16. Nd5 Qxc4 17. Rac1 Qxa2 18. Nxc7 Be6 19. Be3 a5 20. Bd4 1-0

[Event "*** Titled Tuesday Blitz"]
[Site "Chess.com"]
[Date "2020.04.14"]
[Round "9"]
[White "Kotofeyca"]
[Black "Valuebet2000"]
[Result "0-1"]
[WhiteElo "2370"]
[BlackElo "2543"]
[TimeControl "180+1"]
[EndTime "11:39:17 PDT"]
[Termination "Valuebet2000 won by resignation"]

1. d4 d5 2. c4 e6 3. Nc3 Nf6 4. cxd5 Nxd5 5. Nf3 Nxc3 6. bxc3 c5 7. g3 cxd4 8. cxd4 Bb4+ 9. Bd2 Bxd2+ 10. Qxd2 b6 11. Bg2 Bb7 12. O-O O-O 13. Rfd1 Nd7 14. Qd3 Nf6 15.
Rac1 Qd6 16. h3 Rac8 17. g4 h6 18. Qe3 Nd5 19. Qe5 Qa3 20. g5 Rxc1 0-1

[Event "*** Titled Tuesday Blitz"]
[Site "Chess.com"]
[Date "2020.04.14"]
[Round "9"]
[White "lrestevez"]
[Black "aa175"]
[Result "0-1"]
[WhiteElo "2163"]
[BlackElo "2361"]
[TimeControl "180+1"]
[EndTime "11:39:17 PDT"]
[Termination "aa175 won by resignation"]

1. e4 c5 2. Nf3 d6 3. d4 cxd4 4.
c3 Nf6 5. Bd3 dxc3 6. Nxc3 g6 7.
O-O Bg7 8. Qe2 O-O 9. Rd1 Bg4 10. h3 Bxf3 11. Qxf3 Nc6 12. Bf4 Qb6 13. Qe2 Rac8 14. Rac1 Nd7 15. Be3 Nc5 16. Nd5 Qxb2 17. Rc2 Qa3 18.
Bb5 Nxe4 19. Bxc6 bxc6 20. Nxe7+ Kh8 21. Nxc8 Rxc8 22. Qd3 Qxd3 23. Rxd3 Be5 24. Rxc6 Rxc6 0-1

[Event "*** Titled Tuesday Blitz"]
[Site "Chess.com"]
[Date "2020.04.14"]
[Round "9"]
[White "Salem-AR"]
[Black "lachesisQ"]
[Result "1/2-1/2"]
[WhiteElo "2936"]
[BlackElo "3093"]
[TimeControl "180+1"]
[EndTime "11:39:19 PDT"]
[Termination "Game drawn by repetition"]

1. Nf3 c5 2. c4 Nf6 3. Nc3 Nc6 4. g3 d5 5. cxd5 Nxd5 6. Bg2 g6 7. d3 Bg7 8. Bd2 e6 9. Qc1 b6 10. Bh6 O-O 11.
h4 Bb7 12. h5 Nxc3 13. Bxg7 Kxg7 14. hxg6 hxg6 15. Qh6+ Kf6 16. Qg5+ Kg7 17. Qh6+ Kf6 18. Qh4+ Kg7 19. Qh6+ 1/2-1/2

[Event "*** Titled Tuesday Blitz"]
[Site "Chess.com"]
[Date "2020.04.14"]
[Round "9"]
[White "Fighter008"]
[Black "MiroVlasenko"]
[Result "1-0"]
[WhiteElo "2552"]
[BlackElo "2653"]
[TimeControl "180+1"]
[EndTime "11:39:23 PDT"]
[Termination "Fighter008 won by resignation"]

1. e4 Nc6 2. Nc3 e6 3. d4 Bb4 4. Nf3 d5 5. e5 f6 6. Bb5 Bd7 7. O-O Qe7 8. a3 Ba5 9. b4 Bb6 10. Bxc6 Bxc6 11. exf6 gxf6 12. Bf4 O-O-O 13. Re1 Qf7 14. a4 a5 15. Nb5 Ne7 16. Qd2 Bxb5 17. axb5 axb4 18. Qxb4 Ng6 19. Bg3 Rhg8 20. c4 dxc4 21.
Qxc4 h5 22. Rxe6 h4 23. Rd6 1-0

[Event "*** Titled Tuesday Blitz"]
[Site "Chess.com"]
[Date "2020.04.14"]
[Round "9"]
[White "djano"]
[Black "abubakrtagelsir"]
[Result "1-0"]
[WhiteElo "2475"]
[BlackElo "2283"]
[TimeControl "180+1"]
[EndTime "11:39:26 PDT"]
[Termination "djano won by resignation"]

1. e4 d6 2. d4 Nf6 3. Nc3 g6 4. Bg5 Bg7 5. Qd2 h6 6. Bh4 c6 7. f4 b5 8. a3 O-O 9. Bd3 Qc7 10. Nf3 Nbd7 11. e5 dxe5 12. fxe5 Nd5 13. Nxd5 cxd5 14. Bxe7 Re8 15. Bh4 a6 16. O-O Nb6 17. b3 Bg4 18. h3 Bxf3 19. Rxf3 g5 20. Bg3 Qb7 21. Raf1 Re7 22.
h4 g4 23. Rf6 Nd7 24. Rxh6 Bxh6 25. Qxh6 Nf8 26. Rf5 Re6 27. Rg5+ Ng6 28. h5 Qb6 29. hxg6 Qxd4+ 30. Kh2 Rxg6 31. Bxg6 1-0

[Event "*** Titled Tuesday Blitz"]
[Site "Chess.com"]
[Date "2020.04.14"]
[Round "9"]
[White "dcann0n88"]
[Black "kagg1125"]
[Result "1-0"]
[WhiteElo "2323"]
[BlackElo "2501"]
[TimeControl "180+1"]
[EndTime "11:39:35 PDT"]
[Termination "dcann0n88 won by resignation"]

1. e4 e5 2. Nf3 Nc6 3. Bc4 Nf6 4. Ng5 d5 5. exd5 Na5 6. Bb5+ c6 7. dxc6 bxc6 8.
Be2 Bc5 9. d3 O-O 10. O-O Nd5 11.
Nc3 Be7 12. Nf3 Qd6 13. Ne4 Qg6 14. c4 Nf4 15. Bxf4 exf4 16. Qd2 f5 17. Qxa5 fxe4 18. dxe4 Qxe4 19. Rfe1 Bf6 20. Rad1 Bxb2 21. Bd3 1-0

[Event "*** Titled Tuesday Blitz"]
[Site "Chess.com"]
[Date "2020.04.14"]
[Round "9"]
[White "powermove"]
[Black "MarcoCorvi"]
[Result "0-1"]
[WhiteElo "1502"]
[BlackElo "2137"]
[TimeControl "180+1"]
[EndTime "11:39:36 PDT"]
[Termination "MarcoCorvi won on time"]

1. Nf3 f5 2. d4 d6 3. c4 Nf6 4. Nc3 g6 5. g3 Bg7 6. Bg2 O-O 7. O-O Nc6 8. d5 Ne5 9. Nxe5 dxe5 10. b3 h6 0-1

[Event "*** Titled Tuesday Blitz"]
[Site "Chess.com"]
[Date "2020.04.14"]
[Round "9"]
[White "dmosesov"]
[Black "Bulldog167"]
[Result "1-0"]
[WhiteElo "2562"]
[BlackElo "2749"]
[TimeControl "180+1"]
[EndTime "11:39:46 PDT"]
[Termination "dmosesov won by resignation"]

1. d4 Nf6 2. c4 e6 3. Nf3 Bb4+ 4. Bd2 a5 5. g3 d5 6. Bg2 dxc4 7.
Qc2 b5 8. a4 Bxd2+ 9. Nbxd2 c6 10. O-O O-O 11. b3 cxb3 12. Nxb3 b4 13. Rfd1 Nd5 14.
Ne5 Bb7 15. Nc5 Qc7 16. e3 f6 17. Nxe6 Qd6 18. Nxf8 fxe5 19. Nxh7 Nc3 20. dxe5 Qe7 21.
Rd6 Nd7 22. f4 Nxe5 23. fxe5 Qxe5 24. Nf6+ gxf6 25. Qg6+ Kh8 26. Rd7 Ne2+ 27. Kf2 1-0

[Event "*** Titled Tuesday Blitz"]
[Site "Chess.com"]
[Date "2020.04.14"]
[Round "9"]
[White "H3nriqueTV"]
[Black "cukin84"]
[Result "1-0"]
[WhiteElo "2215"]
[BlackElo "2094"]
[TimeControl "180+1"]
[EndTime "11:39:46 PDT"]
[Termination "H3nriqueTV won by checkmate"]

1. e3 f5 2. b3 Nf6 3. Bb2 g6 4. f4 Bg7 5. Nf3 O-O 6. c4 d6 7. Nc3 Nc6 8. d4 Qe8 9. Qd2 Ne4 10. Nxe4 fxe4 11. Ng5 Bf5 12. Be2 h6 13. Nh3 Qd7 14.
O-O-O Rad8 15. Rhg1 e5 16. g4 exd4 17. gxf5 dxe3 18.
Qxe3 Bxb2+ 19. Kxb2 Qxf5 20. Bg4 Qf6+ 21. Kb1 Rde8 22.
Bh5 g5 23. fxg5 Qe5 24. Bxe8 Rxe8 25. gxh6+ Kh8 26. Qg3 Qxg3 27. Rxg3 e3 28. Re1 e2 29. Nf4 Nd4 30. Rg7 Nf3 31. Ng6# 1-0

[Event "*** Titled Tuesday Blitz"]
[Site "Chess.com"]
[Date "2020.04.14"]
[Round "9"]
[White "Kirill_Klukin"]
[Black "Nbk90"]
[Result "1-0"]
[WhiteElo "2700"]
[BlackElo "2525"]
[TimeControl "180+1"]
[EndTime "11:39:48 PDT"]
[Termination "Kirill_Klukin won by resignation"]

1. d4 d5 2. Nf3 e6 3. c4 a6 4. cxd5 exd5 5. Nc3 h6 6. Bf4 Nf6 7. e3 Be6 8. Bd3 Bd6 9. Ne5 Nbd7 10. O-O O-O 11. Rc1 Qe7 12. Bg3 c5 13. Nxd7 Nxd7 14.
Bxd6 Qxd6 15. dxc5 Nxc5 16. Bb1 Rfd8 17. Qd4 Rac8 18.
Rfd1 Qe7 19. b4 Nd7 20. Nxd5 Bxd5 21. Rxc8 Rxc8 22. Qxd5 Nf6 23. Qb3 b5 24. h3 Rc4 25.
a3 Qc7 26. Qb2 Rc3 27. Qxc3 Qxc3 28. Rd8+ 1-0

[Event "*** Titled Tuesday Blitz"]
[Site "Chess.com"]
[Date "2020.04.14"]
[Round "9"]
[White "WastefulJustice"]
[Black "Semen_Khanin"]
[Result "0-1"]
[WhiteElo "2454"]
[BlackElo "2610"]
[TimeControl "180+1"]
[EndTime "11:39:50 PDT"]
[Termination "Semen_Khanin won by resignation"]

1. e4 c6 2. Nf3 d5 3. Nc3 Bg4 4. h3 Bxf3 5. Qxf3 e6 6. Be2 Nd7 7. O-O Bc5 8. Rd1 Bd4 9. exd5 cxd5 10. Nb5 Be5 11. d4 Bb8 12. Bf4 Ngf6 13. Nd6+ Ke7 14.
Qg3 Qb6 15. Qxg7 Bxd6 16. Bg5 Rag8 17. Qh6 Rg6 18. Qh4 Rhg8 19. f4 h6 20. Bxf6+ Nxf6 21. Bf3 Qc7 22. Re1 Bxf4 23. Bxd5 Bg3 0-1